 Dungeon Crawl Stone Soup version 0.30-a0-576-g89cddaab80 (webtiles) character file.

Game seed: 4978179836180207110

2 Shayle the Conjurer (level 1, 0/12 HPs)
             Began as a Tengu Reaver on Dec 30, 2022.
             Slain by a ball python (3 damage)
             ... on level 1 of the Dungeon.
             The game lasted 00:00:22 (57 turns).

Shayle the Conjurer (Tengu Reaver)                    Turns: 57, Time: 00:00:23

Health: 0/12       AC:  3    Str: 12    XL:     1   Next: 30%
Magic:  4/4        EV: 11    Int: 13    God:
Gold:   0          SH:  0    Dex: 12    Spells: 3/4 levels left

rFire   . . .      SeeInvis .    d - +1 trident (flame)
rCold   . . .      Faith    .    (no shield)
rNeg    . . .      Spirit   .    b - +0 leather armour
rPois   .          Reflect  .    (helmet restricted)
rElec   .          Harm     .    (no cloak)
rCorr   .          Rampage  .    (no gloves)
Will    .....                    (boots unavailable)
Stlth   +                        (no amulet)
HPRegen 0.22/turn                (no ring)
MPRegen 0.09/turn                (no ring)

@: no status effects
A: beak, talons 3
a: no special abilities


You were on level 1 of the Dungeon.
You visited 1 branch of the dungeon, and saw 1 of its levels.

Inventory:

Hand Weapons
 a - a +0 short sword
 d - a +1 trident of flaming (weapon)
Armour
 b - a +0 leather armour (worn)
Scrolls
 c - a scroll of immolation {unknown}


   Skills:
 + Level 2.0 Fighting
 - Level 3.2 Short Blades
 + Level 2.2 Dodging
 + Level 2.0 Spellcasting
 - Level 4.0 Conjurations
 + Level 0.1 Necromancy
 + Level 0.0 Earth Magic


You had 3 spell levels left.
You knew the following spells:

 Your Spells              Type           Power      Damage    Failure   Level
a - Kiss of Death         Conj/Necr      24%        2d7       14%         1

Your spell library contained the following spells:

 Spells                   Type           Power      Damage    Failure   Level
 Momentum Strike          Conj/Tloc      12%        3d8       22%         2
 Hailstorm                Conj/Ice       6%         3d4       38%         3
 Ozocubu's Armour         Ice            1%         N/A       67%         3
 Ozocubu's Refrigeration  Ice            0%         4d7       100%        7


Dungeon Overview and Level Annotations

Branches:
Dungeon (1/15)

Altars:


Innate Abilities, Weirdness & Mutations

You have a beak for a mouth.
You have claws for feet.


Message History

You hit the rat but do no damage. You peck the rat.
The rat is heavily wounded.
The rat bites you.
You hit the rat.
You kill the rat!
Things that are here:
a +0 club; a goblin corpse
c - a scroll labelled GUQUADDASI You start resting.
HP restored.
Found a scroll labelled BEL HE JUOZXI.
You see here a +1 trident of flaming.
d - a +1 trident of flaming Your +1 trident of flaming bursts into flame!
d - a +1 trident of flaming (weapon)
A frilled lizard comes into view.
The frilled lizard hisses angrily.
A ball python comes into view.
The ball python hisses angrily.
An endoplasm comes into view.
The frilled lizard bites you but does no damage.
The ball python bites you. The ball python grabs you.
The ball python constricts you.
You miss the frilled lizard.
The endoplasm quivers.
Your kick misses the frilled lizard.
The frilled lizard bites you but does no damage.
The ball python bites you. The ball python constricts you.
The ball python bites you. The ball python constricts you.
The frilled lizard bites you.
* * * LOW HITPOINT WARNING * * *
You closely miss the frilled lizard.
The ball python bites you but does no damage.
The ball python constricts you. The frilled lizard closely misses you.
You escape the ball python's grasp.
The frilled lizard attacks as you move away!
The frilled lizard barely misses you.
The ball python attacks as you move away!
The ball python bites you.
You die...

#.........#
#...).....#
#.........#
.............###
####......#....#
######.#.##.#
###.##.#
#......#
...#.#.@#
.#...lS......
.......J?.#....
..........# ##
#........##
#######... ....
.....


You could see an endoplasm, a ball python and a frilled lizard.

Vanquished Creatures
  A goblin (D:1)
  A rat (D:1)
2 creatures vanquished.

Notes
Turn   | Place    | Note
-------+----------+-------------------------------------------
     0 | D:1      | Shayle the Tengu Reaver began the quest for the Orb.
     0 | D:1      | Reached XP level 1. HP: 12/12 MP: 4/4
    57 | D:1      | Slain by a ball python

Illustrated notes

Levels and vault maps discovered:
D:1:      minmay_arrival_hallway, layout_basic, serial_shops, shop, shop,
          nicolae_shop_statue_plus, shop, nicolae_shop_stone,
          hangedman_decor_clover_reticule

Action                   || total
-------------------------++-------
Melee: Short sword       ||     5
       Trident           ||     2
       Peck              ||     1
Armor: Leather armour    ||     4
Dodge: Dodged            ||     2

Table legend: (Time is in decaauts)
 A = Elapsed time spent in this place.
 B = Non-inter-level travel time spent in this place.
 C = Inter-level travel time spent in this place.
 D = Time resting spent in this place.
 E = Time spent auto-exploring this place.
 F = Levels seen in this place.
 G = Mean time per level.
                   A        B        C        D        E       F      G
               +--------+--------+--------+--------+--------+-----+--------+
         Total |     56 |     56 |      0 |     16 |     11 |   1 |   56.0 |
       Dungeon |     56 |     56 |      0 |     16 |     11 |   1 |   56.0 |
               +--------+--------+--------+--------+--------+-----+--------+

Top non-repeatable levels by time:
     D:1: 56 daAuts
